 Dungeon Crawl Stone Soup version 0.18-a0-1637-g109f206 (webtiles) character file.

804 Leibowitz the Skirmisher (level 8, -3/49 HPs)
             Began as a Kobold Fighter on Feb 14, 2016.
             Was a Follower of Okawaru.
             Killed by divine providence
             ... invoked by an orc priest
              (14 damage)
             ... on level 6 of the Dungeon on Mar 26, 2016.
             The game lasted 00:27:48 (5394 turns).

Leibowitz the Skirmisher (Kobold Fighter)           Turns: 5394, Time: 00:27:49

Health: -3/49      AC:  3    Str: 15    XL:     8   Next: 14%
Magic:  8/8        EV: 16    Int:  6    God:    Okawaru [*.....]
Gold:   381        SH: 10    Dex: 19    Spells: 0 memorised, 7 levels left

rFire  . . .     SeeInvis .     a - +2 dagger (venom)
rCold  . . .     Gourm    .     m - +0 robe
rNeg   . . .     Faith    .     p - +0 shield
rPois  .         Spirit   .     w - +0 helmet
rElec  .         Dismiss  .     (no cloak)
rCorr  .         Reflect  .     (no gloves)
SustAt .         Harm     .     (no boots)
MR     .....                    B - amulet of regeneration
Stlth  +++.......               (no ring)
                                x - ring of wizardry

@: very slightly contaminated, invisible, not resistant to hostile enchantments,
fairly stealthy
A: agile 1, carnivore 3
a: Heroism, Renounce Religion


You were on level 6 of the Dungeon.
You worshipped Okawaru.
Okawaru was aware of your devotion.
You were completely stuffed.

You visited 1 branch of the dungeon, and saw 6 of its levels.

You collected 381 gold pieces.

Inventory:

Hand Weapons
 a - a +2 dagger of venom (weapon)
 k - a +0 rapier
Missiles
 c - 16 poisoned needles
Armour
 b - a +0 scale mail
 m - a +0 robe (worn)
 p - a +0 shield (worn)
 w - a +0 helmet (worn)
 C - a +0 buckler
Jewellery
 x - a ring of wizardry (left hand)
 B - an amulet of regeneration (around neck)
Wands
 r - a wand of paralysis (6/24)
Scrolls
 e - 3 scrolls of blinking {unknown}
 g - a scroll of fog {unknown}
 h - 3 scrolls of remove curse {unknown}
 i - 4 scrolls of teleportation {unknown}
 j - 2 scrolls of enchant weapon {unknown}
 l - a scroll of magic mapping {unknown}
 n - 6 scrolls of identify {unknown}
 t - a scroll of enchant armour {unknown}
 v - a scroll of random uselessness {unknown}
 y - a scroll of amnesia {unknown}
Potions
 d - a potion of might
 o - a potion of curing
Comestibles
 f - 2 meat rations
 q - a beef jerky
 u - a slice of pizza
 z - 3 chunks of flesh
 A - a royal jelly


   Skills:
 * Level 5.0 Fighting
 * Level 4.8 Short Blades
 * Level 3.8 Armour
 * Level 4.9 Dodging
 * Level 4.8 Stealth
 * Level 3.2 Shields


You had 7 spell levels left.
You didn't know any spells.

Dungeon Overview and Level Annotations

Branches:
Dungeon (6/15)
 Temple: D:4-7

Altars:
Okawaru
Sif Muna
Xom
Zin

Shops:
D:6 *


Innate Abilities, Weirdness & Mutations

You are small and have problems with some larger weapons.
You are carnivorous and can eat meat at any time.
You are agile. (Dex +2)


Message History

The orc priest invokes the aid of Beogh against the orc warrior.
The ice beast struggles to resist.
An orc priest comes into view.
You hit the orc warrior but do no damage.
The orc warrior is moderately wounded.
The orc warrior hits you with a trident!
* * * LOW HITPOINT WARNING * * *
Unknown command.
Drink which item? (? for menu, Esc to quit)
You feel better.
The orc priest calls down the wrath of Beogh upon you.
The ice beast struggles to resist.
You barely miss the orc warrior.
The orc warrior is moderately wounded.
You block the orc warrior's attack.
You hit the orc warrior but do no damage.
The orc warrior is heavily wounded.
The orc priest mumbles some strange prayers to Beogh against you.
Beogh smites you!
You die... ..# #.# #. #. #.# #.# .##. #.# #.# Y#.# #.# #.# o∩o

#.# #.# ..
#.#####.####### #.
#..............
#o#####.####....#####
#oYo@...# ##.#.#
######### ###.# #.#
#.# #.# #.# ..#


You could see an orc warrior, an ice beast and 2 orc priests.

Vanquished Creatures
  2 centaurs
  A giant frog (D:6)
  A scorpion (D:5)
  A crimson imp (D:6)
  3 orc priests
  A hound (D:4)
  An orc wizard (D:6)
  An iguana (D:4)
  Ijyb (D:3)
  2 worker ants (D:4)
  A hound zombie (D:5)
  A howler monkey zombie (D:5)
  4 adders
  5 gnolls (D:2)
  A shadow imp (D:5)
  An ooze (D:1)
  2 adder skeletons
  2 worms (D:2)
  4 giant geckos
  16 orcs
  A ball python (D:1)
  2 giant cockroaches (D:1)
  13 hobgoblins
  2 jackals (D:2)
  4 quokkas
  6 bats
  6 giant newts
  7 goblins
  12 kobolds
  A quokka zombie (D:5)
  5 rats
110 creatures vanquished.

Vanquished Creatures (others)
  An orc (D:6)
1 creature vanquished.

Grand Total: 111 creatures vanquished

Notes
Turn   | Place    | Note
--------------------------------------------------------------
     0 | D:1      | Leibowitz the Kobold Fighter began the quest for the Orb.
     0 | D:1      | Reached XP level 1. HP: 14/14 MP: 1/1
    86 | D:1      | Reached XP level 2. HP: 12/19 MP: 2/2
   269 | D:1      | Reached skill level 1 in Stealth
   685 | D:1      | Reached XP level 3. HP: 24/24 MP: 3/3
  1115 | D:2      | Reached skill level 1 in Dodging
  1260 | D:2      | Reached XP level 4. HP: 29/29 MP: 4/4
  1324 | D:2      | Reached skill level 4 in Fighting
  1972 | D:2      | Reached XP level 5. HP: 33/33 MP: 5/5
  1975 | D:2      | Found an iron altar of Okawaru.
  2002 | D:2      | Became a worshipper of Warmaster Okawaru
  2610 | D:3      | Reached XP level 6. HP: 23/38 MP: 6/6
  2729 | D:1      | Upgraded the game from 0.18-a0-1314-g2549be2 to 0.18-a0-1637-g109f206
  2852 | D:3      | Noticed Ijyb
  2877 | D:3      | Killed Ijyb
  3071 | D:3      | Found a deep blue altar of Sif Muna.
  4070 | D:4      | Reached XP level 7. HP: 44/44 MP: 7/7
  4657 | D:5      | Entered Level 5 of the Dungeon
  4657 | D:5      | Found a shimmering altar of Xom.
  4657 | D:5      | Found a glowing silver altar of Zin.
  4657 | D:5      | Noticed an angel
  4675 | D:5      | Reached * piety under Okawaru
  4694 | D:5      | Gained mutation: You are agile. (Dex +2) [potion of beneficial mutation]
  5108 | D:6      | Reached skill level 5 in Fighting
  5178 | D:6      | Reached XP level 8. HP: 28/49 MP: 8/8
  5365 | D:6      | Found Dorrunaf's General Store.
  5391 | D:6      | HP: 2/49 [orc warrior/trident (16)]
  5394 | D:6      | Killed from afar by an orc priest

Vault maps used:
D:1:      grunt_arrival_lava_bath
D:2:      okawaru_altar_gauntlet_db
D:3:      led_sif_book, serial_park_tiny_1, glass_columns_c, uniq_iyjb
D:4:      kennysheep_generic_room_10
D:5:      kennysheep_steamy, grunt_temple_overflow_order_and_chaos_1,
          first_bread, serial_bayou_ford_a, tgw_fedhas
D:6:      serial_shops, shop

Skill      XL: |  1  2  3  4  5  6  7 |
---------------+----------------------+-----
Stealth        | 1 3 4 |  4.8
Dodging        | 1 3 4 |  4.9
Fighting       | 4 5 |  5.0
Shields        | 3 |  3.2
Short Blades   | |  4.8
Armour         | |  3.8

Action                   |  1- 3 |  4- 6 |  7- 9 || total
-------------------------+-------+-------+-------++-------
Melee: Rapier            |    61 |       |       ||    61
       Dagger            |    42 |   193 |    95 ||   330
Evoke: Wand              |       |     2 |       ||     2
  Use: Potion            |       |       |     7 ||     7
 Stab: Sleeping          |       |     8 |     4 ||    12
       Paralysed         |       |     1 |       ||     1
  Eat: Chunk             |     7 |    11 |     5 ||    23
